 Dungeon Crawl Stone Soup version 0.28.0-53-g5a82cb258f (webtiles) character file.

Game seed: 18406460213135929540

23 LynnLen the Sneak (level 2, -1/15 HPs)
             Began as a Vampire Enchanter on July 29, 2022.
             Slain by a jackal (2 damage)
             ... on level 1 of the Dungeon.
             The game lasted 00:01:48 (935 turns).

LynnLen the Sneak (Vampire Enchanter)                Turns: 935, Time: 00:01:49

Health: -1/15      AC:  2    Str: 13    XL:     2   Next: 72%
Magic:  5/5        EV: 12    Int: 17    God:
Gold:   18         SH:  0    Dex: 14    Spells: 5/5 levels left

rFire   . . .      SeeInvis +   a - +1 dagger
rCold   + + .      Faith    .   (no shield)
rNeg    + + +      Spirit   .   b - +0 robe
rPois   ∞          Reflect  .   (no helmet)
rElec   .          Harm     .   (no cloak)
rCorr   .          Rampage  .   (no gloves)
Will    .....                   (no boots)
Stlth   +++++.....              (no amulet)
HPRegen 0.00/turn               e - +6 ring of strength
MPRegen 0.09/turn               f - ring of flight

@: flying, bloodless, inhibited regen
A: bloodless, fangs 3, see invisible, vampiric 1
a: Revivify


You were on level 1 of the Dungeon.
You visited 1 branch of the dungeon, and saw 1 of its levels.

You collected 18 gold pieces.

Inventory:

Hand Weapons
 a - a +1 dagger (weapon)
Armour
 b - a +0 robe (worn)
Jewellery
 e - a +6 ring of strength (left hand)
 f - a ring of flight (right hand)
Scrolls
 g - a scroll of blinking {unknown}
Potions
 c - 3 potions of invisibility
 d - a potion of might {unknown}


   Skills:
 * Level 1.8 Short Blades
 * Level 2.2 Dodging
 * Level 5.2 Stealth
 + Level 2.0 Spellcasting
 + Level 4.7 Hexes


You had 5 spell levels left.
You didn't know any spells.
Your spell library contained the following spells:

 Spells                   Type           Power      Damage    Failure   Level
 Confusing Touch          Hex            17%        N/A       9%          3
 Tukima's Dance           Hex            17%        N/A       9%          3
 Ensorcelled Hibernation  Hex/Ice        18%        N/A       11%         2
 Beastly Appendage        Tmut           2%         N/A       19%         1
 Dazzling Flash           Conj/Hex       18%        N/A       22%         3
 Wereblood                Tmut           1%         N/A       28%         2
 Spider Form              Tmut/Pois      1%         N/A       50%         3


Dungeon Overview and Level Annotations

Branches:
Dungeon (1/15)

Altars:


Innate Abilities, Weirdness & Mutations

You do not regenerate when monsters are visible.
You are frail without blood (-20% HP).
You can heal yourself when you bite living creatures.
You are immune to poison.
You have razor-sharp teeth.
You have supernaturally acute eyesight. (SInv)
You are afflicted with vampirism.


Message History

The jackal is almost dead.
The jackal bites you. The jackal misses you.
You hit the jackal.
You kill the jackal!
The jackal barely misses you.
You hit the jackal but do no damage. The jackal bites you. x2
You hit the jackal but do no damage. Your bite misses the jackal.
The jackal bites you. The jackal closely misses you.
The jackal barely misses you. The jackal bites you.
You completely miss the jackal. Your bite misses the jackal.
The jackal barely misses you. The jackal misses you.
You barely miss the jackal. The jackal bites you. x2
* * * LOW HITPOINT WARNING * * *
You hit the jackal. Your bite misses the jackal.
The jackal is severely wounded.
The jackal barely misses you. x2; The jackal closely misses you. x2
You hit the jackal.
You kill the jackal!
The kobold throws a stone.
The stone closely misses you. The jackal completely misses you.
The kobold hits you with a +0 dagger.
* * * LOW HITPOINT WARNING * * *
The jackal closely misses you.
You see here a jackal corpse.
You hit the kobold.
The kobold is severely wounded.
The jackal barely misses you. The kobold hits you but does no damage.
The jackal bites you but does no damage.
You hit the kobold.
You kill the kobold!
The jackal closely misses you.
You hit the ball python.
You kill the ball python!
The jackal bites you.
* * * LOW HITPOINT WARNING * * *
Things that are here:
a +0 dagger; 3 stones; a kobold corpse The jackal barely misses you.
The jackal bites you.
You die...

#.#.# #............ #.#
#.#.# #......._... #.#
#.#.# #.......... #.#
#.#># #......... #.#
#.#.# #[.......
#.###.#.#
#.......#####.#.#...#.#
#.............#.#.#....
#.....@.#######...#.#.#
#.####h###.............
#.# #.############ #)#
#.# #....... ######
#†###.#####.######
#....#
#.................
#....#
#######.######......
#....# #.......#
#...... #....#
#.####### #......


You could see a jackal.

Vanquished Creatures
  2 dart slugs (D:1)
  3 ball pythons (D:1)
  An endoplasm (D:1)
  2 giant cockroaches (D:1)
  A goblin (D:1)
  2 hobgoblins (D:1)
  2 jackals (D:1)
  2 kobolds (D:1)
  2 rats (D:1)
17 creatures vanquished.

Notes
Turn   | Place    | Note
-------+----------+-------------------------------------------
     0 | D:1      | LynnLen the Vampire Enchanter began the quest for the Orb.
     0 | D:1      | Reached XP level 1. HP: 13/13 MP: 3/3
   406 | D:1      | Reached XP level 2. HP: 14/15 MP: 5/5
   462 | D:1      | Reached skill level 5 in Stealth
   912 | D:1      | Found a faded altar of an unknown god.
   935 | D:1      | Slain by a jackal

Illustrated notes

Levels and vault maps discovered:
D:1:      onia_arrival_mini_maze, layout_basic, basic_ecumenical_altar

Skill      XL: |  1  2 |
---------------+-------+-----
Stealth        | 5 |  5.2
Short Blades   | |  1.8
Dodging        | |  2.2
Spellcasting   | |  2.0
Hexes          | |  4.7

Action                   || total
-------------------------++-------
Melee: Dagger            ||    39
       Bite              ||     3
 Abil: Exsanguinate      ||     1
 Stab: Sleeping          ||     6
Armor: Robe              ||     5
Dodge: Dodged            ||    24
